AoeStats
← Perro

Arabia

509538495Analyzed
2v2 RM · 6d ago on Sep 27, 2026· 49m 38s· 4 players
Game mode
Random Map
Map size
Medium (4 player)
Population
200
Speed
Normal
Resources
Standard
Victory
Conquest
Starting age
Dark Age
Ending age
Imperial Age
RankedLock teamsTeams togetherTeam positionsShared explorationLock speedFull tech treeHidden civsTurbo modeCheats
Victory
Defeat
🇦🇷 Ethiopians · Argentina
814
+14
🇦🇷 Byzantines · Argentina
812
+14
🇵🇱 Poles · Poland
802
-15
🇨🇳 Huns · China
750
-13
FAKE
10:09 Feudal Age
10:27 Loom
11:30 Man-at-Arms
12:28 Horse Collar
13:36 Arson
16:56 Forging
17:29 Double-Bit Axe
24:56 Castle Age
23:42 Bloodlines
27:31 Wheelbarrow
27:37 Husbandry
26:59 Light Cavalry
27:02 Long Swordsman
27:44 Squires
27:53 Town Watch
43:52 Heavy Plow
76561199004763034
10:49 Feudal Age
11:23 Man-at-Arms
20:54 Castle Age
19:22 Double-Bit Axe
24:49 Forging
24:31 Fletching
30:52 Bodkin Arrow
31:08 Forging
31:04 Scale Barding Armor
34:06 Imperial Age
31:23 Loom
31:57 Bloodlines
31:54 Thumb Ring
35:59 Cavalier
41:13 Heavy Cavalry Archer
42:18 Parthian Tactics
42:44 Bracer
43:20 Iron Casting
43:55 Husbandry
Mapache
10:00 Feudal Age
10:57 Feudal Age
14:58 Wheelbarrow
14:17 Double-Bit Axe
13:56 Man-at-Arms
15:19 Horse Collar
17:13 Loom
20:09 Gold Mining
26:31 Castle Age
26:33 Stone Mining
26:45 Fletching
28:11 Squires
28:44 Husbandry
28:07 Elite Skirmisher
31:32 Gambesons
32:34 Ballistics
33:24 Light Cavalry
35:03 Pikeman
37:46 Forging
38:27 Heavy Plow
39:00 Padded Archer Armor
41:26 Bow Saw
45:04 Imperial Age
43:45 Hand Cart
43:52 Scale Barding Armor
46:54 Hand Cart
49:20 Two-Man Saw
48:53 Crop Rotation
47:57 Capped Ram
49:00 Conscription
49:12 Treadmill Crane
Perro
3:30 Loom
10:21 Feudal Age
20:24 Castle Age
20:01 Fletching
20:11 Padded Archer Armor
20:04 Horse Collar
20:12 Double-Bit Axe
21:15 Bodkin Arrow
22:21 Leather Archer Armor
22:02 Crossbowman
24:42 Bow Saw
25:15 Ballistics
26:05 Town Watch
32:22 Thumb Ring
34:19 Wheelbarrow
38:22 Hand Cart
40:26 Town Patrol
46:17 Imperial Age
46:29 Imperial Age
47:49 Arbalester
48:31 Bracer
49:01 Ring Archer Armor
48:45 Forging
48:35 Scale Mail Armor
Connection lost

Rejoining the realm…

Still unreachable

The connection could not be restored.

Session expired

The server has moved on; the page needs a fresh start.